 Dungeon Crawl Stone Soup version 0.22.0-5-gf09313c (webtiles) character file.

3046 Acetwo5 the Arsonist (level 9, 0/45 HPs)
             Began as a Deep Elf Fire Elementalist on Aug 13, 2018.
             Was a Believer of Vehumet.
             Splashed by Pikel's acid (7 damage)
             ... on level 8 of the Dungeon.
             The game lasted 00:40:21 (11655 turns).

Acetwo5 the Arsonist (Deep Elf Fire Elementalist)  Turns: 11655, Time: 00:40:22

Health: 0/45       AC:  0    Str:  5    XL:     9   Next: 56%
Magic:  2/18       EV: 16    Int: 24    God:    Vehumet [**....]
Gold:   475        SH:  0    Dex: 15    Spells: 3/18 levels left

rFire    . . .     SeeInvis .   q - +3 falchion (drain)
rCold    . . .     Gourm    .   (no shield)
rNeg     . . .     Faith    +   a - +1 robe
rPois    +         Spirit   .   (no helmet)
rElec    .         Reflect  .   (no cloak)
rCorr    .         Harm     .   (no gloves)
MR       .....                  v - +0 pair of boots
Stlth    ++........             j - amulet of faith
HPRegen  0.15/turn              f - +3 ring of evasion
MPRegen  0.16/turn              o - ring of poison resistance

@: corroded
A: no striking features
a: Renounce Religion


You were on level 8 of the Dungeon.
You worshipped Vehumet.
Vehumet was pleased with you.
You were not hungry.

You visited 2 branches of the dungeon, and saw 10 of its levels.

You collected 475 gold pieces.

Inventory:

Hand Weapons
 n - a +1 spear of venom
 q - a +3 falchion of draining (weapon)
Armour
 a - a +1 robe (worn)
 v - a +0 pair of boots (worn)
Jewellery
 f - a +3 ring of evasion (left hand)
 j - an amulet of faith (around neck)
 k - an uncursed ring of ice
 o - a ring of poison resistance (right hand)
Wands
 w - a wand of digging (6)
Scrolls
 g - 3 scrolls of teleportation
 i - 2 scrolls of magic mapping
 t - 4 scrolls of remove curse
Potions
 b - 3 potions of might {unknown}
 d - a potion of brilliance {unknown}
 e - 2 potions of curing
 h - 2 potions of resistance
 l - a potion of mutation
 m - a potion of berserk rage {unknown}
 p - a potion of lignification
 r - 2 potions of haste
 s - a potion of degeneration {unknown}
 u - a potion of agility {unknown}
Comestibles
 c - 15 rations
 x - 6 chunks of flesh


   Skills:
 - Level 2.4 Dodging
 - Level 2.4 Stealth
 + Level 5.2 Spellcasting
 + Level 10.1 Conjurations
 + Level 10.5 Fire Magic


You had 3 spell levels left.
You knew the following spells:

 Your Spells              Type           Power        Failure   Level  Hunger
a - Flame Tongue          Conj/Fire      #####        1%          1    None
b - Throw Flame           Conj/Fire      ######       1%          2    None
c - Conjure Flame         Conj/Fire      ######..     1%          3    ##.....
d - Sticky Flame          Conj/Fire      ######..     1%          4    ####...
e - Fireball              Conj/Fire      ######....   3%          5    #####..

Your spell library contained the following spells:

 Spells                   Type           Power        Failure   Level  Hunger
 Bolt of Magma            Conj/Fire/Erth #####.....   14%         5    #####..
 Confuse                  Hex            #.......     26%         3    ##.....
 Venom Bolt               Conj/Pois      ####......   30%         5    #####..
 Sting                    Conj/Pois      ####         1%          1    None
 Confusing Touch          Hex            #.....       9%          1    None
 Passwall                 Tmut/Erth      #.......     13%         2    None
 Metabolic Englaciation   Hex/Ice        #.........   94%         5    #####..
 Lee's Rapid Deconstruct  Erth           #.........   94%         5    #####..
 Petrify                  Tmut/Erth      #.......     65%         4    ####...
 Inner Flame              Hex/Fire       ####....     3%          3    ##.....
 Gell's Gravitas          Tloc           #.........   26%         3    ##.....
 Yara's Violent Unravell  Hex/Tmut       #.........   94%         5    #####..


Dungeon Overview and Level Annotations

Branches:
Dungeon (9/15)             Temple (1/1) D:4
   Lair: D:8-11         Orc: D:9-12

Altars:
Ashenzari
Cheibriados
Dithmenos
Elyvilon
Fedhas
Gozag
Hepliaklqana
Kikubaaqudgha
Makhleb
Nemelex Xobeh
Okawaru
Qazlal
Ru
Sif Muna
Trog
Uskayaw
Vehumet
Wu Jian
Xom
Yredelemnul
Zin
The Shining One

Shops:
D:5 *!:*:   D:8 [

Annotations:
D:8 Joseph, Pikel


Message History

Casting: Flame Tongue (safe; 1% risk of failure)
Confirm with . or Enter, or press ? or * to list all spells.
Aiming: Flame Tongue (safe; 1% risk of failure)
Press: ? - help, Shift-Dir - straight line, f/p - Pikel
Aim: Pikel, wielding a whip of freezing and wearing a robe (heavily wounded)
The flame tongue hits Pikel.
Pikel appears unharmed.
Pikel is heavily wounded.
Casting: Flame Tongue (safe; 1% risk of failure)
Confirm with . or Enter, or press ? or * to list all spells.
Aiming: Flame Tongue (safe; 1% risk of failure)
Press: ? - help, Shift-Dir - straight line, f/p - Pikel
Aim: Pikel, wielding a whip of freezing and wearing a robe (heavily wounded)
The flame tongue hits Pikel.
Pikel is severely wounded.
Pikel zaps a wand.
The bolt of acid hits you!
You are splashed with acid!
The acid burns!
It is a wand of acid (6).
Pikel zaps a wand.
The bolt of acid hits you!
* * * LOW HITPOINT WARNING * * *
The acid corrodes you!
You are splashed with acid!
The acid burns!
You die...

......#.............#........#
#################...#........#
.........# #...#..###...#
########.########...#..#∩'...# #
#............#..###...# #
#.########...#........# #
#............#........#
########.#......#.#..K#.#########
(...[...........@.....#.# #...
########.#......#.##..#.######.##
.............<..#.##..#.K..K[....
########..........##..#.######.#.
# ##.###.###.....#.# #.#. #####
##### ### #.##.##.# #.#.
....#§§§§§§ #.##.##.# #.#.
#####§§§§§§ #..#.##.# #.#.
....#§§§§§§ #..#.##.# #.#.


You could see Pikel.

Vanquished Creatures
  Sigmund (D:2)
  A wyvern (D:8)
  3 orc warriors
  An ice beast (D:8)
  A sky beast (D:8)
  4 slaves (D:8)
  3 ogres
  2 centaurs
  2 crocodiles (D:8)
  2 bullfrogs
  Blork the orc (D:5)
  2 scorpions (D:6)
  9 killer bees
  A howler monkey (D:6)
  A crimson imp (D:6)
  A bullfrog zombie (D:5)
  A quasit (D:7)
  2 jellies (D:6)
  A gnoll shaman (D:4)
  An orc priest (D:9)
  3 hounds
  A centaur skeleton (D:6)
  4 iguanas
  Natasha (twice) (D:2)
  3 orc wizards
  4 worker ants
  A hound zombie (D:5)
  11 gnolls
  7 adders
  A shadow imp (D:8)
  2 oozes (D:3)
  An adder zombie (D:7)
  An adder skeleton (D:6)
  4 worms
  4 dart slugs
  2 leopard geckos
  13 orcs
  5 giant cockroaches
  7 hobgoblins
  10 jackals
  5 kobolds
  7 quokkas
  A ball python (D:3)
  8 bats
  7 frilled lizards
  7 goblins
  2 quokka skeletons
  4 rats
167 creatures vanquished.

Notes
Turn   | Place    | Note
-------+----------+-------------------------------------------
     0 | D:1      | Acetwo5 the Deep Elf Fire Elementalist began the quest for the Orb.
     0 | D:1      | Reached XP level 1. HP: 10/10 MP: 6/6
   558 | D:1      | Reached XP level 2. HP: 14/15 MP: 5/8
  1218 | D:2      | Found a basalt altar of Yredelemnul.
  1219 | D:2      | Noticed Natasha
  1792 | D:2      | Killed Natasha
  1792 | D:2      | Reached XP level 3. HP: 10/19 MP: 5/9
  2183 | D:2      | Reached XP level 4. HP: 24/24 MP: 8/10
  2201 | D:2      | Learned a level 2 spell: Throw Flame
  2204 | D:2      | Noticed Sigmund
  2208 | D:2      | Learned a level 3 spell: Conjure Flame
  2214 | D:2      | Killed Sigmund
  2214 | D:2      | Reached skill level 5 in Fire Magic
  2214 | D:2      | Reached XP level 5. HP: 28/28 MP: 0/11
  2583 | D:2      | Noticed Natasha
  2587 | D:2      | Killed Natasha
  2587 | D:2      | Reached XP level 6. HP: 29/32 MP: 4/12
  2743 | D:2      | Found a shattered altar of Ashenzari.
  3285 | D:3      | Reached skill level 5 in Conjurations
  3910 | D:3      | Learned a level 4 spell: Sticky Flame
  4024 | D:4      | Noticed an orc warrior
  4183 | D:4      | Killed an orc warrior
  4183 | D:4      | Reached XP level 7. HP: 36/36 MP: 1/13
  4601 | D:4      | Found a hazy altar of Hepliaklqana.
  4753 | D:4      | Found a staircase to the Ecumenical Temple.
  4762 | Temple   | Entered the Ecumenical Temple
  4882 | Temple   | Became a worshipper of Vehumet
  4937 | D:4      | Found a glowing silver altar of Zin.
  5320 | D:5      | Entered Level 5 of the Dungeon
  5324 | D:5      | Found Peeq's Distillery.
  5818 | D:5      | Found Jeteanul's Book Shoppe.
  5848 | D:5      | Noticed Blork the orc
  5854 | D:5      | Killed Blork the orc
  5854 | D:5      | Reached XP level 8. HP: 41/41 MP: 4/14
  5945 | D:5      | Found Rioceruq's Assorted Antiques.
  5954 | D:5      | Found Ruclijac's Book Shop.
  6195 | D:5      | Found Zeich's Assorted Antiques.
  6617 | D:6      | Reached * piety under Vehumet
  6617 | D:6      | Offered knowledge of Magic Dart by Vehumet.
  7246 | D:6      | Found a white marble altar of Elyvilon.
  8299 | D:6      | Reached XP level 9. HP: 29/45 MP: 3/15
  8737 | D:6      | Found a shadowy altar of Dithmenos.
  9379 | D:7      | Found a deep blue altar of Sif Muna.
  9470 | D:7      | Reached skill level 10 in Fire Magic
  9667 | D:7      | Found a hide-covered altar of Uskayaw.
  9679 | D:7      | Found a snail-covered altar of Cheibriados.
  9821 | D:7      | Identified Wiguew's Incunabulum of Vitriolic Stones
 10330 | D:8      | Noticed Pikel
 10448 | D:8      | Found Rib Jank's Armour Boutique.
 10785 | D:8      | Reached ** piety under Vehumet
 10785 | D:8      | Offered knowledge of Shock by Vehumet.
 10795 | D:8      | Learned a level 5 spell: Fireball
 11075 | D:8      | Found a stormy altar of Qazlal.
 11085 | D:8      | Noticed Joseph
 11451 | D:8      | Reached skill level 10 in Conjurations
 11511 | D:8      | Reached skill level 5 in Spellcasting
 11655 | D:8      | Splashed by Pikel's acid

Skill      XL: |  1  2  3  4  5  6  7  8  9 |
---------------+----------------------------+-----
Conjurations   | 2 3 4 5 7 9 10 | 10.1
Fire Magic     | 4 5 6 8 9 10 | 10.5
Spellcasting   | 5 |  5.2
Dodging        | |  2.4
Stealth        | |  2.4

Action                   |  1- 3 |  4- 6 |  7- 9 || total
-------------------------+-------+-------+-------++-------
Melee: Club              |    57 |       |       ||    57
       Unarmed           |     2 |       |       ||     2
       Dagger            |       |    26 |       ||    26
       Falchion          |       |    12 |   223 ||   235
 Cast: Flame Tongue      |    34 |    84 |    97 ||   215
       Throw Flame       |       |    21 |    39 ||    60
       Conjure Flame     |       |     3 |     9 ||    12
       Sticky Flame      |       |     3 |    36 ||    39
       Fireball          |       |       |     3 ||     3
  Use: Scroll            |       |     3 |    15 ||    18
 Stab: Sleeping          |     5 |       |     2 ||     7
  Eat: Chunk             |     4 |     6 |    20 ||    30
       Ration            |       |       |     4 ||     4
Armor: Robe              |    16 |    11 |    40 ||    67
Dodge: Dodged            |    67 |    57 |   224 ||   348
       Rpst.: Falchion   |       |     6 |    76 ||    82
